 Dungeon Crawl Stone Soup version 0.31-a0-765-g67fe2935dc (webtiles) character file.

Game seed: 7323132061179674983

18 cforsyth the Sneak (level 2, -1/25 HPs)
             Began as a Djinni Delver on Sept 15, 2023.
             Slain by a water moccasin (5 damage)
             ... on level 5 of the Dungeon.
             The game lasted 00:00:10 (124 turns).

cforsyth the Sneak (Djinni Delver)                   Turns: 124, Time: 00:00:10

Health: -1/25      AC:  3    Str: 11    XL:     2   Next: 90%
Gold:   36         EV: 12    Int: 11    God:
                   SH:  0    Dex: 14

rFire   + + .        a - +0 falchion
rCold   x . .        (no shield)
rNeg    . . .        b - +0 leather armour
rPois   ∞            (no helmet)
rElec   .            (no cloak)
rCorr   .            (no gloves)
SInv    .            (boots unavailable)
Will    .....        (no amulet)
Stlth   ++           (no ring)
HPRegen 0.24/turn    (no ring)
MPRegen 0.00/turn

%: infuse magic (-2 HP)
@: flying
A: sickness immunity, fire resistance 2, cold vulnerability 1, float, innate
caster, HP casting, extra vitality 1
a: no special abilities


You were on level 5 of the Dungeon.
You visited 1 branch of the dungeon, and saw 1 of its levels.

You collected 36 gold pieces.

Inventory:

Hand Weapons
 a - a +0 falchion (weapon)
Armour
 b - a +0 leather armour (worn)
Wands
 g - a wand of digging (3)
Scrolls
 c - a scroll of fog
 d - a scroll of revelation
 e - a scroll of fear
Potions
 f - a potion of haste


   Skills:
 + Level 3.4 Fighting
 - Level 1.7 Long Blades
 - Level 2.1 Dodging
 - Level 4.1 Stealth
 + Level 1.0 Spellcasting
 + Level 1.0 Conjurations
 + Level 1.0 Hexes
   Level 0.0 Charms
 + Level 1.0 Summonings
 + Level 1.0 Necromancy
 + Level 1.0 Translocations
 + Level 1.0 Transmutations
 + Level 1.0 Fire Magic
 + Level 1.0 Ice Magic
 + Level 1.0 Air Magic
 + Level 1.0 Earth Magic
 + Level 1.0 Poison Magic You didn't know any spells. Your spell library was empty.

Dungeon Overview and Level Annotations

Branches:
Dungeon (5/15)
 Temple: D:4-7

Altars:


Innate Abilities, Weirdness & Mutations

You are immune to sickness and miasma.
You are immune to poison.
Your flesh is very heat resistant. (rF++)
You are vulnerable to cold. (rC-)
You float through the air rather than walking.
You learn spells naturally, not from books.
Your magical power is your life essence.
You have superior vitality. (+4 MHP)


Message History

No target in view!
You see here 9 stones.
You now have 36 gold pieces (gained 11).
You see here 9 stones.
You see here 9 stones.
A water moccasin comes into view.
A water moccasin is nearby!
A water moccasin is nearby!
A water moccasin is nearby!
The water moccasin hisses angrily.
The water moccasin bites you but does no damage.
You slash the water moccasin!
The water moccasin is moderately wounded.
The water moccasin bites you. The water moccasin closely misses you.
You hit the water moccasin but do no damage.
The water moccasin is moderately wounded.
The water moccasin barely misses you.
You hit the water moccasin.
The water moccasin is heavily wounded.
The water moccasin closely misses you.
The water moccasin bites you but does no damage.
You closely miss the water moccasin.
The water moccasin is heavily wounded.
The water moccasin bites you. The water moccasin bites you!
You are too injured to fight recklessly!
You are too injured to fight recklessly!
You are too injured to fight recklessly!
You are too injured to fight recklessly!
You are too injured to fight recklessly!
You are too injured to fight recklessly!
You miss the water moccasin.
The water moccasin is heavily wounded.
The water moccasin bites you.
* * * LOW HITPOINT WARNING * * *
You hit the water moccasin.
The water moccasin is severely wounded.
The water moccasin bites you.
* * * LOW HITPOINT WARNING * * *
The water moccasin bites you.
You die...

≈≈≈#.. ≈≈≈##. ≈≈≈≈#.
≈≈≈#. ########### ≈#.
#.........#
######.######....####.#
...........#####(# #.#
#..S@.........# #.#
#.......####..####.##
...........# #.........
####......## ##.####.##
#..###.# #.# #.# #..
#.# #.# #.# #.. #.# #.#
#.# #.. #.# #.# #.# ...
..#


You could see a water moccasin.

Vanquished Creatures
  2 adders (D:5)
2 creatures vanquished.

Notes
Turn   | Place    | Note
-------+----------+-------------------------------------------
     0 | D:5      | cforsyth the Djinni Delver began the quest for the Orb.
     0 | D:5      | Reached XP level 1. HP: 20/20 MP: 0/0
    28 | D:5      | Reached XP level 2. HP: 13/25 MP: 0/0
    98 | D:5      | Reached skill level 1 in Spellcasting
    98 | D:5      | Reached skill level 1 in Conjurations
    98 | D:5      | Reached skill level 1 in Hexes
    98 | D:5      | Reached skill level 1 in Summonings
    98 | D:5      | Reached skill level 1 in Necromancy
    98 | D:5      | Reached skill level 1 in Translocations
    98 | D:5      | Reached skill level 1 in Transmutations
    98 | D:5      | Reached skill level 1 in Fire Magic
    98 | D:5      | Reached skill level 1 in Ice Magic
    98 | D:5      | Reached skill level 1 in Air Magic
    98 | D:5      | Reached skill level 1 in Earth Magic
    98 | D:5      | Reached skill level 1 in Poison Magic
   114 | D:5      | Noticed a water moccasin
   124 | D:5      | Slain by a water moccasin

Illustrated notes

Levels and vault maps discovered:
D:5:      black_bear_nest_1, layout_loops_ring, minmay_temple_entry_poolview,
          uniq_ijyb

Skill      XL: |  1  2 |
---------------+-------+-----
Spellcasting   | 1 |  1.0
Conjurations   | 1 |  1.0
Hexes          | 1 |  1.0
Summonings     | 1 |  1.0
Necromancy     | 1 |  1.0
Translocations | 1 |  1.0
Transmutations | 1 |  1.0
Fire Magic     | 1 |  1.0
Ice Magic      | 1 |  1.0
Air Magic      | 1 |  1.0
Earth Magic    | 1 |  1.0
Poison Magic   | 1 |  1.0
Fighting       | |  3.4
Long Blades    | |  1.7
Dodging        | |  2.1
Stealth        | |  4.1

Action                     || total
---------------------------++-------
  Melee: Falchion          ||    21
   Stab: Sleeping          ||     1
 Armour: Leather armour    ||    17
  Dodge: Dodged            ||    15

Table legend: (Time is in decaauts)
 A = Elapsed time spent in this place.
 B = Non-inter-level travel time spent in this place.
 C = Inter-level travel time spent in this place.
 D = Time resting spent in this place.
 E = Time spent auto-exploring this place.
 F = Levels seen in this place.
 G = Mean time per level.
                   A        B        C        D        E       F      G
               +--------+--------+--------+--------+--------+-----+--------+
         Total |    128 |    128 |      0 |      0 |     85 |   1 |  128.0 |
       Dungeon |    128 |    128 |      0 |      0 |     85 |   1 |  128.0 |
               +--------+--------+--------+--------+--------+-----+--------+

Top non-repeatable levels by time:
     D:5: 128 daAuts
